 Dungeon Sprint DCSS version 0.30-a0-305-g026cb31310 (webtiles) character file.

Game seed: 755222129747972208

438 mhtbhm the Basher (level 6, -4/66 HPs)
             Began as an Armataur Berserker on Oct 23, 2022.
             Was a Believer of Trog.
             Slain by Sonja the cane toad (10 damage)
             ... in the Dungeon (Sprint I: "Red Sonja").
             The game lasted 00:00:50 (416 turns).

mhtbhm the Basher (Armataur Berserker)               Turns: 416, Time: 00:00:51

Health: -4/66      AC:  7    Str: 24    XL:     6   Next: 69%
Magic:  6/6        EV: 10    Int:  7    God:    Trog [**....]
Gold:   297        SH:  0    Dex: 10    Spells: 5/5 levels left

rFire   . . .      SeeInvis .    a - +0 mace
rCold   . . .      Faith    .    (no shield)
rNeg    . . .      Spirit   .    b - +2 robe {Will+}
rPois   .          Reflect  .    l - +0 helmet
rElec   .          Harm     .    (no cloak)
rCorr   .          Roll     +    (no gloves)
Will    +++..      NoTele   +    (no barding)
Stlth   +.........               (no amulet)
HPRegen 1.31/turn                (no ring)
MPRegen 0.10/turn                (no ring)

@: lethally poisoned (-4 -> -18), strong-willed, regenerating
A: large, rugged brown scales 3, deformed body, armoured tail, roll, long
tongue, awkward tongue
a: Renounce Religion, Berserk, Trog's Hand


You were in the Dungeon.
You worshipped Trog.
Trog was pleased with you.
You visited 1 branch You collected 297 gold pieces.

Inventory:

Hand Weapons
 a - a +0 mace (weapon)
Armour
 b - a +2 robe of willpower (worn)
 l - a +0 helmet (worn)
Wands
 i - a wand of iceblast (8)
 j - a wand of polymorph (5)
Scrolls
 h - a scroll of blinking
 k - a scroll of fog {unknown}
Potions
 e - a potion of haste
 f - 2 potions of magic
 g - a potion of berserk rage


   Skills:
 + Level 8.7 Fighting
 + Level 8.8 Maces & Flails
 + Level 6.0 Armour
 + Level 4.0 Dodging
 + Level 0.3 Stealth


You had 5 spell levels left.
You didn't know any spells.
Your spell library was empty.

Dungeon Overview and Level Annotations

Branches:
Dungeon (1/1)

Altars:
Cheibriados
Dithmenos
Elyvilon
Fedhas
Gozag
Hepliaklqana
Kikubaaqudgha
Nemelex Xobeh
Okawaru
Qazlal
Ru
Sif Muna
Trog
Uskayaw
Vehumet
Wu Jian
Yredelemnul
Zin
The Shining One

Shops:
D :

Annotations:
D Sonja


Innate Abilities, Weirdness & Mutations

You are completely covered in rugged brown scales. (AC +3, +7% HP)
Armour fits poorly on your strangely shaped body.
You have a long armoured tail.
You roll when moving toward enemies. (Rampage)
Your long tongue fully drains potion bottles. (2x potion effects)
Your tongue gives you trouble enunciating. (1.5x scroll delay)


Message History

Sonja misses you.
You hit Sonja but do no damage.
Sonja is moderately wounded.
Sonja stings you.
You are poisoned.
Sonja poisons you!
You hit Sonja. You tail-slap Sonja, but do no damage.
Sonja is moderately wounded.
You feel very sick. Sonja stings you!
You are lethally poisoned!
Sonja poisons you!
You barely miss Sonja.
Sonja is moderately wounded.
You feel extremely sick. Sonja stings you!
* * * LOW HITPOINT WARNING * * *
You are more poisoned.
Sonja poisons you! Sonja stings you.
* * * LOW HITPOINT WARNING * * *
You slurp down every last drop of the potion of curing!
You feel better. Sonja stings you!
* * * LOW HITPOINT WARNING * * *
You are lethally poisoned!
Sonja poisons you!
Okay, then.
You slurp down every last drop of the potion of heal wounds!
You feel much better.
You feel very sick. Sonja stings you!!
* * * LOW HITPOINT WARNING * * *
You are lethally poisoned!
Sonja poisons you!
Okay, then.
Your skin crawls.
You feel strong-willed.
* * * LOW HITPOINT WARNING * * *
You feel extremely sick. Sonja stings you!
You die...

################
#<.#..)..#..[..#
#..)..#..').#..+
#..#####'#####'#
#..####..#...#.#
#..#__####..##.#
#..#_____##'#_.+
#⌠⌠#_.∩...†..._#
####_..__##_@#'#
#_____###F#.#
####### #)###
$.$ $.$ ##.##
#+#


You could see Sonja the cane toad.

Vanquished Creatures
  Sigmund (D)
  A yak (D)
  An ogre (D)
  A jelly (D)
  Ijyb (D)
5 creatures vanquished.

Notes
Turn   | Place    | Note
-------+----------+-------------------------------------------
     0 | D        | mhtbhm the Armataur Berserker began the quest for the Orb.
     0 | D        | Reached XP level 1. HP: 19/19 MP: 1/1
     1 | D        | Noticed Ijyb
     7 | D        | Killed Ijyb
     8 | D        | Reached XP level 2. HP: 28/28 MP: 2/2
    58 | D        | Noticed an ogre
    64 | D        | Killed an ogre
    65 | D        | Reached skill level 5 in Fighting
    65 | D        | Reached skill level 5 in Maces & Flails
    65 | D        | Reached XP level 3. HP: 39/39 MP: 3/3
    65 | D        | Reached XP level 4. HP: 47/47 MP: 4/4
   104 | D        | Noticed Sigmund
   110 | D        | Killed Sigmund
   110 | D        | Reached ** piety under Trog
   111 | D        | Reached skill level 5 in Armour
   111 | D        | Reached XP level 5. HP: 55/55 MP: 5/5
   150 | D        | Found an ornate altar of the Wu Jian Council.
   150 | D        | Found a shimmering blue altar of Sif Muna.
   152 | D        | Found a radiant altar of Vehumet.
   161 | D        | Reached XP level 6. HP: 29/65 MP: 6/6
   322 | D        | Found Ozxup's Book Emporium.
   322 | D        | Found an ancient bone altar of Kikubaaqudgha.
   322 | D        | Found a hazy altar of Hepliaklqana.
   322 | D        | Found a stormy altar of Qazlal.
   322 | D        | Found a hide-covered altar of Uskayaw.
   322 | D        | Found a blossoming altar of Fedhas.
   322 | D        | Found a bloodstained altar of Trog.
   322 | D        | Found an iron altar of Okawaru.
   322 | D        | Found a basalt altar of Yredelemnul.
   322 | D        | Found a glowing golden altar of the Shining One.
   322 | D        | Found a snail-covered altar of Cheibriados.
   322 | D        | Found a sacrificial altar of Ru.
   322 | D        | Found a glowing silver altar of Zin.
   322 | D        | Found a shadowy altar of Dithmenos.
   322 | D        | Found a white marble altar of Elyvilon.
   322 | D        | Noticed a yak
   330 | D        | Killed a yak
   331 | D        | Found an opulent altar of Gozag.
   332 | D        | Found a sparkling altar of Nemelex Xobeh.
   405 | D        | Noticed Sonja
   406 | D        | Sonja changed into Sonja the cane toad
   406 | D        | Noticed Sonja
   416 | D        | Slain by Sonja the cane toad

Illustrated notes

Levels and vault maps discovered:
D:        dungeon_sprint_1 [red_sonja_temple_1, red_sonja_temple_small_1]

Skill      XL: |  1  2  3  4  5  6 |
---------------+-------------------+-----
Fighting       | 4 5 7 8 |  8.7
Maces & Flails | 4 5 7 8 |  8.8
Armour         | 3 4 5 6 |  6.0
Dodging        | 2 3 4 |  4.0
Stealth        | |  0.3

Action                   |  1- 3 |  4- 6 || total
-------------------------+-------+-------++-------
Melee: Mace              |    10 |    26 ||    36
       Tailslap          |     1 |     5 ||     6
Invok: Berserk           |     2 |     2 ||     4
       Trog's Hand       |       |     1 ||     1
Evoke: Wand              |       |     1 ||     1
  Use: Potion            |       |     2 ||     2
Armor: Animal skin       |       |     3 ||     3
       Robe              |       |     2 ||     2
Dodge: Dodged            |     3 |     9 ||    12

Table legend: (Time is in decaauts)
 A = Elapsed time spent in this place.
 B = Non-inter-level travel time spent in this place.
 C = Inter-level travel time spent in this place.
 D = Time resting spent in this place.
 E = Time spent auto-exploring this place.
 F = Levels seen in this place.
 G = Mean time per level.
                   A        B        C        D        E       F      G
               +--------+--------+--------+--------+--------+-----+--------+
         Total |    453 |    453 |      0 |    272 |      1 |   1 |  453.0 |
       Dungeon |    453 |    453 |      0 |    272 |      1 |   1 |  453.0 |
               +--------+--------+--------+--------+--------+-----+--------+

Top non-repeatable levels by time:
       D: 453 daAuts
